 Dungeon Crawl Stone Soup version 0.30.0-29-ga12c61a403 (webtiles) character file.

Game seed: 996347406285305376

183 Chiseanne the Covert (level 5, 0/37 HPs)
             Began as an Octopode Delver on June 25, 2023.
             Slain by an orc wizard
             ... wielding a +4 dagger of speed
              (1 damage)
             ... on level 3 of the Dungeon.
             The game lasted 00:03:55 (524 turns).

Chiseanne the Covert (Octopode Delver)               Turns: 524, Time: 00:03:55

Health: 0/37       AC:  1    Str: 14    XL:     5   Next: 62%
Magic:  5/5        EV: 14    Int: 12    God:
Gold:   0          SH:  0    Dex: 13    Spells: 4/4 levels left

rFire   . . .        a - +0 war axe
rCold   . . .        (no shield)
rNeg    . . .        (helmet restricted)
rPois   .            (no amulet)
rElec   .            (no ring)
rCorr   .            (no ring)
SInv    .            (no ring)
Will    .....        (no ring)
Stlth   +++++        (no ring)
HPRegen 0.26/turn    (no ring)
MPRegen 0.09/turn    (no ring)
                     (no ring)

%: no passive effects
@: hasted, very quick
A: almost no armour, amphibious, 8 rings, camouflage 1, gelatinous body 1,
(nimble swimmer 1), tentacles
a: no special abilities


You were on level 3 of the Dungeon.
You visited 2 branches of the dungeon, and saw 4 of its levels.

Inventory:

Hand Weapons
 a - a +0 war axe (weapon)
Wands
 f - a wand of digging (3)
 g - a wand of iceblast (7)
Scrolls
 b - a scroll of fog
 c - a scroll of magic mapping
 d - a scroll of fear
 h - a scroll of vulnerability {unknown}
 i - 2 scrolls of identify {unknown}
 j - a scroll of enchant armour {unknown}


   Skills:
 * Level 4.2 Fighting
 - Level 2.0 Short Blades
 * Level 3.6 Dodging
 * Level 8.0 Stealth


You had 4 spell levels left.
You didn't know any spells.
Your spell library contained the following spells:

 Spells                   Type           Power      Damage    Failure   Level
 Searing Ray              Conj           0%         2d4       45%         2
 Animate Dead             Necr           0%         N/A       97%         4
 Lehudib's Crystal Spear  Conj/Erth      0%         10d2      100%        8


Dungeon Overview and Level Annotations

Branches:
Dungeon (5/15)             Temple (1/1) D:4

Altars:
Ashenzari
Dithmenos
Elyvilon
Fedhas
Gozag
Kikubaaqudgha
Makhleb
Nemelex Xobeh
Okawaru
Ru
Sif Muna
Trog
Uskayaw
Vehumet
Wu Jian
Xom
Yredelemnul
Zin
The Shining One


Innate Abilities, Weirdness & Mutations

You cannot wear most types of armour.
You are amphibious.
You can wear up to eight rings at the same time.
Your skin changes colour to match your surroundings (Stealth+).
Your rubbery body absorbs attacks. (AC +1, EV +1)
((You are camouflaged when in or above water. (Stealth+)))
You have tentacles for arms and can constrict up to eight enemies at once.


Message History

You hit the rat. Your grab misses the rat.
The rat is moderately wounded.
The rat misses you.
A jackal comes into view.
You hit the rat. You grab the rat.
The rat is severely wounded.
You constrict the rat.
You kill the rat!
The orc wizard casts a spell.
The orc wizard flickers and vanishes!
Deactivating autopickup; reactivate with Ctrl-A.
You closely miss the orc. Your grab misses the orc.
A jackal comes into view.
The jackal barks!
You slash the orc!
You kill the orc!
Your Stealth skill increases to level 8!
You feel yourself speed up. The jackal closely misses you.
You hear some strange, mumbled words.
A magic dart appears from out of thin air!
The magic dart hits you.
You closely miss something. You squeeze something. You barely miss the jackal.
The jackal closely misses you. Something hits you!
You slash something! You barely miss the jackal.
You hear some strange, mumbled words.
A magic dart appears from out of thin air!
The magic dart hits you.
You miss something. You hit the jackal. The jackal bites you.
* * * LOW HITPOINT WARNING * * *
Something hits you.
* * * LOW HITPOINT WARNING * * *
The jackal closely misses you. The jackal barely misses you.
You closely miss something. You hit the jackal.
You kill the jackal!
You closely miss the jackal. Something hits you.
* * * LOW HITPOINT WARNING * * *
The jackal bites you.
* * * LOW HITPOINT WARNING * * *
Something hits you.
You die...

# #. #### ..#..
..# #
......###(#.#####
......h@{o.......
.......##.....###
....... #........
.....[. #.....###
....... #r....#
####... .......#
#.## #.?.##$# #.
#..## .#


You could see an orc and a jackal.

Vanquished Creatures
  2 orc priests (D:4)
  A hound (D:3)
  2 orc wizards (D:4)
  3 adders (D:4)
  6 orcs
  3 endoplasms
  2 gnoll zombies (D:4)
  A hobgoblin (D:4)
  A jackal (D:3)
  A rat (D:3)
22 creatures vanquished.

Notes
Turn   | Place    | Note
-------+----------+-------------------------------------------
     0 | D:5      | Chiseanne the Octopode Delver began the quest for the Orb.
     0 | D:5      | Reached XP level 1. HP: 16/16 MP: 1/1
     6 | D:5      | Noticed a hound
    11 | D:4      | Reached XP level 2. HP: 21/21 MP: 2/2
    11 | D:4      | Found a staircase to the Ecumenical Temple.
    32 | Temple   | Entered the Ecumenical Temple
   132 | D:4      | Reached skill level 7 in Stealth
   132 | D:4      | Reached XP level 3. HP: 26/26 MP: 3/3
   136 | D:4      | Got Coats's Atlas of the Combative Morgue
   248 | D:4      | Reached XP level 4. HP: 23/33 MP: 4/4
   395 | D:4      | Reached XP level 5. HP: 34/37 MP: 5/5
   435 | D:4      | Noticed a black bear
   489 | D:4      | Noticed a wyvern
   520 | D:3      | Reached skill level 8 in Stealth
   524 | D:3      | HP: 1/37 [jackal (3)]
   524 | D:3      | Slain by an orc wizard

Illustrated notes

Levels and vault maps discovered:
D:3:      layout_loops_ring
D:4:      layout_cave_pools, minmay_temple_entry_wispy, enter_ossuary_3
D:5:      wander_river, layout_rooms, uniq_eustachio, uniq_ijyb
Temple:   compressed_dpeg_triangle_lava_temple

Skill      XL: |  1  2  3  4  5 |
---------------+----------------+-----
Stealth        | 7 8 |  8.0
Dodging        | 3 |  3.6
Fighting       | 4 |  4.2
Short Blades   | |  2.0

Action                     |  1- 3 |  4- 6 || total
---------------------------+-------+-------++-------
  Melee: Short sword       |    10 |       ||    10
         Constrict         |     3 |     6 ||     9
         War axe           |     2 |    31 ||    33
         Tentacles         |     1 |     8 ||     9
         Punch             |     1 |       ||     1
  Evoke: Wand              |       |     3 ||     3
    Use: Potion            |       |     2 ||     2
   Stab: Sleeping          |     3 |       ||     3
 Armour: Skin              |       |     4 ||     4
  Dodge: Dodged            |     9 |    24 ||    33
